 Dungeon Crawl Stone Soup version 0.16-a0-4123-g49b462e (webtiles) character file.

567 Chiseanne the Covered (level 7, -5/61 HPs)
             Began as a Ghoul Fighter on Mar 2, 2015.
             Slain by a crocodile (6 damage)
             ... on level 5 of the Dungeon.
             The game lasted 00:14:11 (3702 turns).

Chiseanne the Covered (Ghoul Fighter)               Turns: 3702, Time: 00:14:11

Health: -5/61      AC:  8    Str: 20    XL:     7   Next: 33%
Magic:  5/5        EV:  7    Int:  5    God:
Gold:   164        SH: 10    Dex: 11    Spells: 0 memorised, 6 levels left

rFire  + . .     SeeInvis .     a - +9 flail "Gremnan" {drain, *Rage rF+ Dex+3}
rCold  + . .     Clarity  .     b - +0 scale mail
rNeg   + + +     SustAb   .     c - +0 shield
rPois  ∞         Gourm    .     n - +0 helmet
rElec  .         Spirit   .     (no cloak)
rCorr  .         Warding  .     (no gloves)
rMut   .         Stasis   .     (no boots)
MR     .....                    (no amulet)
Stlth  ..........               (no ring)
                                (no ring)

@: about to teleport, very slightly contaminated, rotting, invisible, not
resistant to hostile enchantments, extremely unstealthy
A: rotting body, claws 1, carnivore 3, cold resistance 1, negative energy
resistance 3, poison resistance, slow healing 1, torment resistance, unbreathing
a: no special abilities


You were on level 5 of the Dungeon.
You were not hungry.

You visited 1 branch of the dungeon, and saw 5 of its levels.

You collected 164 gold pieces.

Inventory:

Hand weapons
 a - the +9 flail "Gremnan" (weapon) {drain, *Rage rF+ Dex+3}
   (You found it on level 4 of the Dungeon)

   A truly terrible weapon, it drains the life of those it strikes.
   It affects your dexterity (+3).
   It protects you from fire.
   It may make you go berserk in combat.
 s - a +0 war axe
Missiles
 m - 39 bolts
 t - 32 poisoned needles
Armour
 b - a +0 scale mail (worn)
 c - a +0 shield (worn)
 n - a +0 helmet (worn)
Jewellery
 q - an uncursed ring of teleportation
Magical devices
 o - a wand of invisibility (3)
 r - a wand of hasting (1)
Scrolls
 d - 7 scrolls of identify
 h - a scroll of teleportation
Potions
 e - a potion of might
 k - a potion of poison {unknown}
Comestibles
 l - 2 beef jerkies


   Skills:
 * Level 5.0 Fighting
 - Level 1.7 Axes
 * Level 5.1 Armour
 * Level 5.1 Shields


You had 6 spell levels left.
You didn't know any spells.

Dungeon Overview and Level Annotations

Branches:
Dungeon (5/15)
 Temple: D:4-7

Altars:
Fedhas


Innate Abilities, Weirdness & Mutations

Your body is rotting away.
You thrive on raw meat.
You have sharp fingernails.
You are carnivorous and can eat meat at any time.
Your flesh is cold resistant.
You are immune to negative energy.
Your system is resistant to poisons.
You heal slowly when monsters are visible.
You are immune to unholy pain and torment.
You can survive without breathing.


Message History

Evoke which item? (* to show all) (? for menu, Esc to quit)
Zapping:
o - a wand of invisibility (will waste charges)
Press: ? - help, Shift-Dir - straight line, f - you You fade into invisibility!
Evoking this partially-identified wand wasted a few charges.
The rat closely misses you. You block the river rat's attack.
You catch the helpless river rat completely off-guard!
You sock the river rat!
The river rat is almost dead.
You block the rat's attack.
You closely miss the rat. The rat bites you.
* * * LOW HITPOINT WARNING * * *
You sock the river rat!
You kill the river rat!
The rat bites you but does no damage. You block the crocodile's attack.
Read which item? (? for menu, Esc to quit)
As you read the scroll of teleportation, it crumbles to dust.
You feel strangely unstable. The rat barely misses you.
The crocodile bites you.
You die...

# ##..
...#
#...#
###rr.#
#@r# #t##
######
##r## #
.....####
#..####.#
####.#..#
##.#...#
#.#.##
##.###.#
#.#.##
##..# ..
#....#
#.# .r.
###.##
... r.#


You could see a crocodile, a hell rat and 3 rats.

Vanquished Creatures
  Grinder (D:5)
  Blork the orc (D:4)
  A hound (D:5)
  An orc priest (D:5)
  An orc wizard (D:4)
  A worker ant (D:4)
  A river rat (D:5)
  3 gnolls (D:5)
  6 adders
  A shadow imp (D:5)
  4 worms
  7 orcs
  7 bats
  A bat skeleton (D:4)
  2 giant cockroaches
  10 goblins
  6 hobgoblins
  16 jackals
  3 quokkas
  A giant gecko (D:1)
  4 giant newts
  10 kobolds
  17 rats
  2 plants (D:4)
107 creatures vanquished.

Notes
Turn   | Place    | Note
--------------------------------------------------------------
     0 | D:1      | Chiseanne, the Ghoul Fighter, began the quest for the Orb.
     0 | D:1      | Reached XP level 1. HP: 19/19 MP: 1/1
   135 | D:1      | Reached XP level 2. HP: 24/26 MP: 2/2
   583 | D:1      | Reached XP level 3. HP: 25/31 MP: 3/3
  1050 | D:2      | Reached XP level 4. HP: 36/38 MP: 3/3
  1658 | D:3      | Found a blossoming altar of Fedhas.
  1933 | D:3      | Reached XP level 5. HP: 46/46 MP: 4/4
  2020 | D:3      | Reached skill level 4 in Fighting
  2565 | D:4      | Noticed Blork the orc
  2759 | D:4      | Killed Blork the orc
  2838 | D:4      | Reached XP level 6. HP: 52/52 MP: 5/5
  3220 | D:5      | Entered Level 5 of the Dungeon
  3292 | D:4      | Got a jewelled flail
  3293 | D:4      | Identified the +9 flail "Gremnan" {drain, *Rage rF+ Dex+3} (You found it on level 4 of the Dungeon)
  3465 | D:5      | Noticed Grinder
  3473 | D:5      | Paralysed by Grinder for 2 turns
  3489 | D:5      | Killed Grinder
  3489 | D:5      | Reached skill level 5 in Armour
  3489 | D:5      | Reached skill level 5 in Shields
  3489 | D:5      | Reached XP level 7. HP: 27/60 MP: 5/5
  3677 | D:5      | Reached skill level 5 in Fighting
  3679 | D:5      | HP: 3/61 [orc priest/divine providence (13)]
  3683 | D:5      | HP: 1/61 [orc priest/divine providence (13)]
  3700 | D:5      | HP: 1/61 [rat (2)]
  3702 | D:5      | Slain by a crocodile

Action                   |  1- 3 |  4- 6 |  7- 9 || total
-------------------------+-------+-------+-------++-------
Melee: War axe           |   106 |   263 |       ||   369
       Flail             |       |    20 |    13 ||    33
Evoke: Wand              |       |     1 |     1 ||     2
  Use: Scroll            |     2 |     9 |     5 ||    16
       Potion            |       |     3 |     2 ||     5
 Stab: Invisible         |       |       |     1 ||     1
  Eat: Chunk             |    10 |    27 |       ||    37
